 Dungeon Crawl Stone Soup version 0.17-a0-226-ge260c71 (webtiles) character file.

2613 nono the Fighter (level 9, 0/82 HPs)
             Began as a Demonspawn Gladiator on Mar 28, 2015.
             Was a Priest of Ashenzari.
             Slain by a wolf (5 damage)
             ... led by Grum
             ... on level 9 of the Dungeon.
             The game lasted 00:23:39 (8649 turns).

nono the Fighter (Demonspawn Gladiator)             Turns: 8649, Time: 00:23:40

Health: 0/82       AC:  7    Str: 15    XL:     9   Next: 34%
Magic:  0/9        EV: 16    Int: 16    God:    Ashenzari [***...]
Gold:   317        SH:  0    Dex: 19    Spells: 0 memorised, 8 levels left

rFire  . . .     SeeInvis +     j - +0 dagger (drain) (curse)
rCold  . . .     Clarity  +     b - +0 leather armour (curse)
rNeg   . . .     SustAb   .     (no shield)
rPois  .         Gourm    .     s - +0 helmet (curse)
rElec  .         Spirit   +     (no cloak)
rCorr  .         Warding  .     (no gloves)
rMut   .         Stasis   .     A - +0 pair of boots (curse)
MR     .....                    (no amulet)
Stlth  ++........               x - ring of see invisible
                                e - +3 ring of dexterity

@: brilliant, not resistant to hostile enchantments, unstealthy
A: hooves 2, thin metallic scales 1, powered by death 1, magic shield
a: Renounce Religion


You were on level 9 of the Dungeon.
You worshipped Ashenzari.
Ashenzari was most pleased with you.
You were hungry.

You visited 1 branch of the dungeon, and saw 9 of its levels.

You collected 317 gold pieces.

Inventory:

Hand weapons
 a - a +0 trident
 j - a cursed +0 dagger of draining (weapon)
 z - a +1 hand axe of electrocution
Missiles
 d - 4 throwing nets (quivered)
Armour
 b - a cursed +0 leather armour (worn)
 c - a +0 helmet
 s - a cursed +0 helmet (worn)
 A - a cursed +0 pair of boots (worn)
 G - a +2 helmet
 H - a +0 chain mail
Jewellery
 e - a +3 ring of dexterity (left hand)
 x - a ring of see invisible (right hand)
 E - an uncursed ring of protection from cold
 O - an uncursed ring of magical power
Magical devices
 J - a wand of slowing (0)
 P - a wand of flame (23)
Scrolls
 i - 2 scrolls of noise {unknown}
 k - 6 scrolls of identify
 l - 2 scrolls of amnesia
 p - a scroll of magic mapping {unknown}
 r - 3 scrolls of enchant weapon {unknown}
 t - 2 scrolls of recharging {unknown}
 u - a scroll of remove curse
 y - 2 scrolls of immolation {unknown}
 B - 4 scrolls of teleportation {unknown}
 D - a scroll of enchant armour {unknown}
 F - a scroll of random uselessness {unknown}
 K - 2 scrolls of fear {unknown}
Potions
 g - a potion of might
 n - 2 potions of magic
 C - a potion of flight {unknown}
 M - a potion of haste {unknown}
 N - 2 potions of degeneration {unknown}
Books
 I - a book of Changes

   Spells                             Type                      Level
   a - Beastly Appendage              Transmutation                1
   b - Sticks to Snakes               Transmutation                2
   c - Spider Form                    Transmutation/Poison         3
   d - Ice Form                       Ice/Transmutation            4
   e - Blade Hands                    Transmutation                5
Comestibles
 f - 5 bread rations
 h - 2 meat rations
 L - a beef jerky
 Q - a fruit


   Skills:
 - Level 11.7 Fighting
 - Level 2.6 Polearms
 - Level 1.7 Throwing
 + Level 3.0 Armour
 + Level 4.0(5.8) Dodging


You had 8 spell levels left.
You didn't know any spells.

Dungeon Overview and Level Annotations

Branches:
Dungeon (9/15)             Temple (0/1) D:7
   Lair: D:8-11         Orc: D:9-12

Altars:
Ashenzari
Cheibriados
Dithmenos
Elyvilon
Fedhas
Makhleb
Nemelex Xobeh
Qazlal

Shops:
D:5 (   D:6 *

Annotations:
D:8 DevastatorOne's ghost, experienced FoFi
D:9 Grum


Innate Abilities, Weirdness & Mutations

You have hoof-like feet.
You are partially covered in thin metallic scales (AC +2).
You can steal the life force of nearby defeated enemies.
When hurt, damage is shared between your health and your magic reserves.


Message History

Unknown command.
The wolf bites you but does no damage. The wolf bites you.
* * * LOW HITPOINT WARNING * * *
The wolf misses you.
Drink which item? (? for menu, Esc to quit)
Okay, then.
Drink which item? (? for menu, Esc to quit)
It was a potion of ambrosia.
You feel momentarily confused.
You feel briefly invigorated. The wolf misses you.
The wolf bites you but does no damage. Grum barely misses you.
The wolf misses you. The wolf barely misses you.
Drink which item? (? for menu, Esc to quit)
It was a potion of cure mutation.
It has a very clean taste.
The wolf closely misses you. The wolf misses you. Grum barely misses you.
The wolf bites you but does no damage.
Drink which item? (? for menu, Esc to quit)
It was a potion of brilliance.
You feel clever all of a sudden. The wolf bites you but does no damage.
The wolf bites you!
You die...

#.....#.).#..........#
,#.....##)##..........#
* #...{y#.).#.....##'###
........#...'.....#....#
.(......#...#.....+....#
.......#####.....#....#
....yy#,.,#.....#....#
.....#...#######....# ,
..#......@h.#....# ,
#####...hg##'###
#...>......# ,
#######[...# * ,
,,.'....# , , ,
...###### , ...h.+, , ,
..., ,, , ..h, , ,


You could see Grum and 2 wolves.

Vanquished Creatures
  Eustachio (D:8)
  A hippogriff (D:7)
  A wolf (D:9)
  Edmund (D:7)
  An orc warrior (D:9)
  A sky beast (D:8)
  A necrophage (D:6)
  7 ogres
  An ice beast (D:6)
  2 centaurs (D:6)
  4 giant frogs
  4 scorpions
  A giant frog zombie (D:6)
  4 hounds
  2 jellies
  An orc priest (D:9)
  A worker ant (D:3)
  A worker ant zombie (D:8)
  A giant mite (D:5)
  11 adders
  4 worms
  3 adder skeletons
  4 giant geckos
  3 oozes
  15 orcs
  12 bats
  A bat skeleton (D:6)
  5 giant cockroaches
  11 goblins
  18 hobgoblins
  16 jackals
  A quokka (D:3)
  A ball python (D:4)
  3 giant newts
  2 jackal skeletons (D:4)
  11 kobolds
  A quokka skeleton (D:6)
  A quokka zombie (D:7)
  13 rats
  A ballistomycete (D:8)
173 creatures vanquished.

Vanquished Creatures (others)
  A giant spore (D:8)
1 creature vanquished.

Grand Total: 174 creatures vanquished

Notes
Turn   | Place    | Note
--------------------------------------------------------------
     0 | D:1      | nono, the Demonspawn Gladiator, began the quest for the Orb.
     0 | D:1      | Reached XP level 1. HP: 16/16 MP: 1/1
   413 | D:1      | Gained mutation: You can steal the life force of nearby defeated enemies. [demonic ancestry]
   413 | D:1      | Reached XP level 2. HP: 17/23 MP: 2/2
   440 | D:1      | Reached skill level 3 in Fighting
  1189 | D:2      | Reached XP level 3. HP: 29/29 MP: 3/3
  1201 | D:2      | Found a white marble altar of Elyvilon.
  1276 | D:2      | Found a blossoming altar of Fedhas.
  1585 | D:2      | Reached skill level 4 in Fighting
  1727 | D:3      | Gained mutation: You are partially covered in thin metallic scales (AC +2). [demonic ancestry]
  1727 | D:3      | Reached XP level 4. HP: 14/38 MP: 4/4
  2165 | D:3      | Found a burning altar of Makhleb.
  2183 | D:3      | Found a shattered altar of Ashenzari.
  2244 | D:3      | Became a worshipper of Ashenzari the Shackled
  2270 | D:3      | Found a stormy altar of Qazlal.
  2283 | D:3      | Found a sparkling altar of Nemelex Xobeh.
  2835 | D:3      | Reached skill level 5 in Fighting
  3046 | D:3      | Reached XP level 5. HP: 40/44 MP: 5/5
  3142 | D:4      | Noticed an ogre
  3161 | D:3      | Killed an ogre
  3161 | D:3      | Reached skill level 6 in Fighting
  3290 | D:4      | Noticed an ogre
  3300 | D:4      | Gained mutation: When hurt, damage is shared between your health and your magic reserves. [demonic ancestry]
  3300 | D:4      | Reached XP level 6. HP: 53/53 MP: 6/6
  3324 | D:4      | Killed an ogre
  3634 | D:4      | Reached skill level 7 in Fighting
  4312 | D:4      | Gained mutation: You have large cloven feet. [demonic ancestry]
  4312 | D:4      | Reached XP level 7. HP: 34/61 MP: 3/7
  4486 | D:5      | Entered Level 5 of the Dungeon
  4563 | D:5      | Reached skill level 8 in Fighting
  5060 | D:5      | Found Gisk's Weapon Emporium.
  5668 | D:6      | Reached skill level 9 in Fighting
  5696 | D:6      | Acquired Ashenzari's first power
  5698 | D:6      | Found a shadowy altar of Dithmenos.
  5760 | D:6      | Found Pcisho's Practical Paraphernalia.
  5771 | D:6      | Reached XP level 8. HP: 62/71 MP: 8/8
  5867 | D:6      | Reached skill level 10 in Fighting
  5912 | D:6      | Found a snail-covered altar of Cheibriados.
  6512 | D:7      | Reached skill level 11 in Fighting
  6620 | D:7      | Noticed Edmund
  6648 | D:7      | Killed Edmund
  6995 | D:7      | Found a staircase to the Ecumenical Temple.
  7245 | D:8      | Found a snail-covered altar of Cheibriados.
  7336 | D:8      | Noticed Eustachio
  7374 | D:8      | Gained mutation: You have hoof-like feet. [demonic ancestry]
  7374 | D:8      | Reached XP level 9. HP: 65/82 MP: 7/9
  7399 | D:8      | Acquired Ashenzari's second power
  7457 | D:8      | Killed Eustachio
  7457 | D:8      | Reached skill level 1 in Armour
  7954 | D:8      | Noticed DevastatorOne's ghost (experienced FoFi)
  8574 | D:9      | Noticed Grum
  8646 | D:9      | HP: 4/82 [wolf[Grum] (2)]
  8649 | D:9      | Slain by a wolf

Action                   |  1- 3 |  4- 6 |  7- 9 || total
-------------------------+-------+-------+-------++-------
Melee: Trident           |    25 |       |       ||    25
       Dagger            |   147 |   288 |   759 ||  1194
Evoke: Wand              |       |       |     1 ||     1
  Use: Scroll            |     1 |     5 |     1 ||     7
       Potion            |       |     1 |     9 ||    10
 Stab: Sleeping          |     1 |       |     1 ||     2
  Eat: Chunk             |     2 |     9 |    14 ||    25
       Fruit             |       |       |     1 ||     1
